 Dungeon Crawl Stone Soup version 0.30.1-3-gfc49f6343a (webtiles) character file.

Game seed: 3692264948467833308

1484 FishyPogo the Covered (level 8, -15/72 HPs)
             Began as an Armataur Fighter on July 31, 2023.
             Was a Follower of Trog.
             Killed by an exploding ogre (23 damage)
             ... ignited by their inner flame
             ... on level 6 of the Dungeon.
             The game lasted 00:25:08 (5730 turns).

FishyPogo the Covered (Armataur Fighter)            Turns: 5730, Time: 00:25:08

Health: -15/72     AC:  9    Str: 23    XL:     8   Next: 50%
Magic:  8/8        EV:  7    Int: 10    God:    Trog [*.....]
Gold:   355        SH:  0    Dex:  9    Spells: 7/7 levels left

rFire   . . .        a - +0 war axe
rCold   . . .        c - +0 buckler {blocky boy}
rNeg    . . .        b - +0 scale mail
rPois   .            (no helmet)
rElec   .            (no cloak)
rCorr   .            l - +0 pair of gloves
SInv    .            (no barding)
Will    .....        (no amulet) Stlth
                     (no ring)
HPRegen 0.32/turn    (no ring)
MPRegen 0.11/turn

%: roll
@: confused, ambrosia-drunk
A: large, rugged brown scales 3, deformed body, armoured tail, roll, long
tongue, awkward tongue
a: Renounce Religion, Berserk


You were on level 6 of the Dungeon.
You worshipped Trog.
Trog was aware of your devotion.
You visited 2 branches of the dungeon, and saw 7 of its levels.

You collected 355 gold pieces.

Inventory:

Hand Weapons
 a - a +0 war axe (weapon)
 x - a +1 heavy flail
 F - the +3 falchion "Qishril" {venom, rPois}
   (You found it on level 6 of the Dungeon)

   rPois:     It protects you from poison.
Missiles
 g - 35 stones (quivered)
 s - 5 boomerangs of dispersal
 w - 3 boomerangs
 C - 2 throwing nets
 D - a curare-tipped dart
 E - 4 poisoned darts
Armour
 b - a +0 scale mail (worn)
 c - a +0 buckler (worn) {blocky boy}
 k - the +0 leather armour of Lugonu's Regard {*Slow Will++ Dex+3 Stlth+}
   (You found it on level 5 of the Dungeon)

   Dex:       It affects your dexterity (+3).
   *Slow:     It may slow you when you take damage.
   Will:      It greatly increases your willpower.
   Stlth:     It makes you more stealthy.
 l - a +0 pair of gloves (worn)
Jewellery
 p - a ring of ice
Wands
 B - a wand of iceblast (11)
Scrolls
 e - 9 scrolls of identify {unknown}
 h - a scroll of fear {unknown}
 j - 3 scrolls of teleportation {unknown}
 n - a scroll of immolation
 q - a scroll of enchant weapon {unknown}
 r - 2 scrolls of poison
 y - a scroll of enchant armour {unknown}
 z - a scroll of amnesia {unknown}
 A - a scroll of magic mapping {unknown}
Potions
 d - 4 potions of might
 f - a potion of haste {unknown}
 m - a potion of heal wounds
 o - a potion of mutation {unknown}
 u - a potion of cancellation {unknown}


   Skills:
 + Level 5.0 Fighting
 - Level 3.0(4.2) Axes
 * Level 5.1(5.6) Maces & Flails
 - Level 3.0 Throwing
 + Level 7.4 Armour
 - Level 4.0 Shields


You had 7 spell levels left.
You didn't know any spells.
Your spell library contained the following spells:

 Spells                   Type           Power      Damage    Failure   Level
 Slow                     Hex            0%         N/A       71%         1
 Confusing Touch          Hex            0%         N/A       97%         3
 Vampiric Draining        Necr           0%         2d6       97%         3


Dungeon Overview and Level Annotations

Branches:
Dungeon (6/15)             Temple (1/1) D:4

Altars:
Gozag
Makhleb
Nemelex Xobeh
Ru
Trog
Vehumet
Yredelemnul

Shops:
D:6 ?

Annotations:
D:6 Menkaure


Innate Abilities, Weirdness & Mutations

You are completely covered in rugged brown scales. (AC +3, +7% HP)
Armour fits poorly on your strangely shaped body.
You have a long armoured tail.
You roll when moving toward enemies. (Rampage)
Your long tongue fully drains potion bottles. (2x potion effects)
Your tongue gives you trouble enunciating. (1.5x scroll delay)


Message History

You feel better.
You slurp down every last drop of the potion of curing!
The bullfrog hits you. You block the iguana's attack.
The ogre barely misses you.
The bullfrog hits you but does no damage.
You are confused.
You feel invigorated.
You slurp down every last drop of the potion of ambrosia!
The iguana barely misses you. The bullfrog closely misses you.
Okay, then.
It was a potion of heal wounds.
You feel much better.
You slurp down every last drop of the potion of heal wounds!
The bullfrog hits you.
The iguana bites you but does no damage.
The ogre barely misses you. Menkaure hits you! The bullfrog hits you.
You are too confused!
The iguana bites you! Menkaure hits you!
The bullfrog hits you but does no damage.
The ogre completely misses you.
Unknown command.
The bullfrog barely misses you. Menkaure hits you. The iguana bites you.
The bullfrog hits you.
It was a potion of magic.
Magic courses through your body.
You slurp down every last drop of the potion of magic!
Menkaure calls on the powers of darkness!
The bullfrog convulses!
Flame seeps out of the bullfrog.
The ogre convulses!
Flame seeps out of the ogre.
Your body is wracked with pain!
The iguana convulses!
Flame seeps out of the iguana.
The iguana is engulfed in blazing flames.
Trog accepts your kill.
The iguana explodes!
The fiery explosion engulfs you!!
* * * LOW HITPOINT WARNING * * *
The ogre is engulfed in blazing flames.
Trog accepts your kill.
The ogre explodes!
The fiery explosion engulfs the bullfrog!!
Trog accepts your kill. The fiery explosion engulfs you!!
You die...

###...## ## ##......#
###########.###........
☼#§☼○○☼§§§##..#....[....
§§§§§○§§§§§##.☼#........
§§☼§§§☼§§§§§#§☼.#.......
§§§☼§§§☼○§§§§#§.###..###
§☼§○§☼§○§§§☼☼§§..######.
§§§§○§§@☼§§○☼☼§..# ##..
§§§☼§☼○○M§☼§§☼§...###..#
☼§§§§§§☼§○§§§§§....#...#
☼☼§§○○☼○§§§§○○§.###...##
§§§§§§☼§☼☼§♣♣♣♣♣♣♣♣♣.##
☼○§○○☼§§☼§♣§........♣.#
☼§○☼§.§○§§♣§§≈≈≈≈≈≈.♣.##
#☼§§§§§§§§♣≈§§≈≈≈..≈♣...
##........♣≈.≈...≈.≈♣...


You could see Menkaure (fast, inner flame).

Vanquished Creatures
  Grinder (D:5)
  An orc warrior (D:6)
  2 ogres
  A centaur (D:4)
  A phantom (D:6)
  A kobold brigand (D:6)
  A bullfrog (D:6)
  2 scorpions
  A howler monkey (D:6)
  4 hounds
  A gnoll bouda (D:5)
  2 jellies
  2 orc priests (D:5)
  A sleepcap (D:5)
  4 iguanas
  5 orc wizards
  4 gnolls (D:5)
  3 adders
  A shadow imp (D:6)
  A white imp (D:6)
  An ufetubus (D:6)
  5 worms
  A dart slug (D:3)
  27 orcs
  6 endoplasms
  2 giant cockroaches
  5 goblins
  5 hobgoblins
  4 jackals (D:1)
  A quokka (D:2)
  8 ball pythons
  7 bats
  3 frilled lizards
  9 kobolds
  10 rats
  A butterfly (D:4)
134 creatures vanquished.

Notes
Turn   | Place    | Note
-------+----------+-------------------------------------------
     0 | D:1      | FishyPogo the Armataur Fighter began the quest for the Orb.
     0 | D:1      | Reached XP level 1. HP: 19/19 MP: 1/1
   241 | D:1      | Reached XP level 2. HP: 26/26 MP: 2/2
   312 | D:1      | Reached skill level 4 in Armour
  1129 | D:2      | Reached XP level 3. HP: 27/32 MP: 3/3
  1983 | D:3      | Reached XP level 4. HP: 40/40 MP: 4/4
  2556 | D:4      | Reached skill level 5 in Armour
  2556 | D:4      | Reached XP level 5. HP: 29/48 MP: 5/5
  2742 | D:4      | Noticed a centaur
  2749 | D:4      | Killed a centaur
  2750 | D:4      | Reached skill level 1 in Maces & Flails
  2750 | D:4      | Reached XP level 6. HP: 47/54 MP: 6/6
  2750 | D:4      | Found a staircase to the Ecumenical Temple.
  2756 | Temple   | Entered the Ecumenical Temple
  2795 | Temple   | Became a worshipper of Trog the Wrathful
  2868 | D:4      | Reached skill level 1 in Throwing
  3021 | D:4      | Found a sacrificial altar of Ru.
  3021 | D:4      | Found a burning altar of Makhleb.
  3218 | D:4      | Reached skill level 6 in Armour
  3657 | D:5      | Entered Level 5 of the Dungeon
  3689 | D:5      | Identified the +0 leather armour of Lugonu's Regard {*Slow
                  | Will++ Dex+3 Stlth+}
  4070 | D:5      | Found a basalt altar of Yredelemnul.
  4102 | D:5      | Reached XP level 7. HP: 57/62 MP: 7/7
  4327 | D:5      | Noticed Grinder
  4340 | D:5      | Paralysed by Grinder for 3 turns
  4359 | D:5      | Paralysed by Grinder for 3 turns
  4362 | D:5      | Killed Grinder
  4401 | D:5      | Reached * piety under Trog
  4731 | D:5      | Reached XP level 8. HP: 71/71 MP: 8/8
  4994 | D:5      | Reached skill level 7 in Armour
  5137 | D:6      | Found Xigecifi's Magic Scroll Emporium.
  5256 | D:6      | Reached skill level 5 in Fighting
  5256 | D:6      | Reached skill level 5 in Maces & Flails
  5498 | D:6      | Identified the +3 falchion "Qishril" {venom, rPois}
  5646 | D:6      | Found a radiant altar of Vehumet.
  5719 | D:6      | Noticed Menkaure
  5730 | D:6      | Killed by an exploding ogre... ignited by their inner flame

Illustrated notes

Levels and vault maps discovered:
D:1:      amcnicky_arrival_gap_in_the_tavern_cellar, layout_basic
D:2:      layout_basic, grunt_ministairs_5
D:3:      layout_rooms, kennysheep_decorative_pillar, corexii_corridor_pit
D:4:      layout_basic, jmf_multi_god_temple, minmay_temple_entry_butterflies
D:5:      layout_basic, nicolae_overflow_hidden_temple, uniq_grinder
D:6:      layout_cave_pods, mainiacjoe_overflow_paths, serial_shops, shop, shop,
          chequers_serial_rivers_micro_a, uniq_menkaure
Temple:   dpeg_chambers_temple

Skill      XL: |  1  2  3  4  5  6  7  8 |
---------------+-------------------------+-----
Axes           | 2 3 |  3.0
Armour         | 4 5 6 7 |  7.4
Fighting       | 3 4 5 |  5.0
Shields        | 4 |  4.0
Maces & Flails | 1 2 4 5 |  5.1
Throwing       | 1 2 3 |  3.0

Action                     |  1- 3 |  4- 6 |  7- 9 || total
---------------------------+-------+-------+-------++-------
  Melee: War axe           |   152 |    76 |    12 ||   240
         Tailslap          |     8 |    16 |    11 ||    35
         Flail             |       |    70 |    79 ||   149
  Throw: Stone             |     5 |     2 |    20 ||    27
         Dart              |       |       |    16 ||    16
    Use: Potion            |       |     2 |     8 ||    10
         Scroll            |       |       |     2 ||     2
 Armour: Scale mail        |    34 |    36 |    58 ||   128
         Ring mail         |    49 |    82 |       ||   131
  Dodge: Dodged            |    60 |    79 |    50 ||   189
  Block: Buckler           |    34 |    35 |    37 ||   106
